 Dungeon Crawl Stone Soup version 0.22-a0-803-gd6d8abeff0 (webtiles) character file.

173107 Mirvelgyr the Executioner (level 17, -1/158 HPs)
             Began as a Minotaur Berserker on July 22, 2018.
             Was a High Priest of Trog.
             Slain by an emperor scorpion (14 damage)
             ... on level 3 of the Spider Nest.
             The game lasted 00:37:21 (23051 turns).

Mirvelgyr the Executioner (Minotaur Berserker)     Turns: 23051, Time: 00:37:22

Health: -1/158     AC: 24    Str: 19 (23) XL:     17   Next: 42%
Magic:  0/16       EV: 14    Int: -2 (6)  God:    Trog [*****.]
Gold:   1033       SH:  0    Dex: 15 (18) Spells: 16/16 levels left

rFire    . . .     SeeInvis .   b - +5 battleaxe (freeze)
rCold    . . .     Gourm    .   (shield currently unavailable)
rNeg     + . .     Faith    .   e - +0 plate armour {rPois}
rPois    +         Spirit   .   l - +2 hat
rElec    .         Reflect  .   D - +0 cloak
rCorr    .         Harm     .   a - +0 pair of gloves
MR       ++...                  r - +0 pair of boots
Stlth    ..........             H - amulet of regeneration
HPRegen  1.16/turn              g - ring of positive energy
MPRegen  0.15/turn              j - ring of protection from magic

@: slowed, lost intelligence, very slow
A: retaliatory headbutt, horns 2, blurry vision 1, clever 1, regeneration 1,
strong 1
a: Berserk, Trog's Hand, Brothers in Arms, Renounce Religion


You were on level 3 of the Spider Nest.
You worshipped Trog.
Trog was extremely pleased with you.
You were not hungry.

You visited 4 branches of the dungeon, and saw 27 of its levels.

You collected 2134 gold pieces.
You spent 1101 gold pieces at shops.

Inventory:

Hand Weapons
 b - a +5 battleaxe of freezing (weapon)
 q - a +5 executioner's axe of venom
 G - a +4 antimagic broad axe
Armour
 a - a +0 pair of gloves (worn)
 e - a +0 plate armour of poison resistance (worn)
 l - a +2 hat (worn)
 r - a +0 pair of boots (worn)
 D - a +0 cloak (worn)
Jewellery
 g - a ring of positive energy (left hand)
 j - a ring of protection from magic (right hand)
 u - an uncursed ring of ice {unknown}
 H - an amulet of regeneration (around neck)
 I - a +4 amulet of reflection
 K - an uncursed ring of resist corrosion
Wands
 s - a wand of polymorph (12)
 Q - a wand of paralysis (14)
Scrolls
 d - 8 scrolls of teleportation
 n - a scroll of enchant weapon
 x - a scroll of identify
 A - 6 scrolls of remove curse
 B - 3 scrolls of fog
 C - 2 scrolls of fear
 W - 2 scrolls of enchant armour
 X - a scroll of magic mapping
Potions
 f - 8 potions of mutation
 k - 3 potions of might
 m - a potion of magic
 o - 8 potions of curing
 p - 10 potions of ambrosia
 t - 4 potions of agility
 v - a potion of haste
 w - 2 potions of degeneration {unknown}
 z - 2 potions of berserk rage
 J - 3 potions of resistance
 L - 2 potions of flight
 T - a potion of brilliance {unknown}
 V - a potion of invisibility
Comestibles
 c - 34 rations


   Skills:
 + Level 16.0 Fighting
 * Level 21.8 Axes
 + Level 15.8 Armour
 + Level 14.6 Dodging


You had 16 spell levels left.
You didn't know any spells.
Your spell library was empty.

Dungeon Overview and Level Annotations

Branches:
Dungeon (15/15)            Temple (0/1) D:6            Lair (6/6) D:9
 Shoals (0/4) Lair:2       Spider (4/4) Lair:2        Slime (0/5) Lair:5
    Orc (2/2) D:11            Elf (0/3) Orc:2        Vaults (0/5) D:13
 Depths (0/5) D:15

Altars:
Ashenzari
Cheibriados
Elyvilon
Fedhas
Hepliaklqana
Makhleb
Okawaru
Ru
Sif Muna
Vehumet
Wu Jian
Xom
Yredelemnul
Zin
The Shining One

Shops:
Orc:2 }(![

Portals:
Trove: D:10 (give 23 scrolls of identify)

Annotations:
Spider:4 Mara, Nikola


Innate Abilities, Weirdness & Mutations

You reflexively headbutt those who attack you in melee.
You have a pair of horns on your head.
Scrolls take you a little longer to read.
Your mind is acute. (Int +2)
Your natural rate of healing is unusually fast.
Your muscles are strong. (Str +2)


Message History

* * * LOW HITPOINT WARNING * * *
The emperor scorpion barely misses you.
The emperor scorpion claws you but does no damage.
Okay, then.
Really read with blurry vision while enemies are nearby?
You almost manage to decipher the scroll, but fail in this attempt.
You feel sick.
The emperor scorpion closely misses you.
You furiously retaliate!
You headbutt the emperor scorpion, but do no damage.
The emperor scorpion closely misses you.
The emperor scorpion claws you!
* * * LOW HITPOINT WARNING * * *
The emperor scorpion stings you but does no damage.
The emperor scorpion claws you but does no damage. x2
You feel better.
Your skin stops crawling.
You feel less resistant to hostile enchantments.
The emperor scorpion stings you!
You die...

#...........#.....^....
#.............####.###.
##...............##.###.
#.......^.........#.....
##................#.#.#.
##................#####.
#..^....^.......##.# ##
###.####!########..## #
##..†@s#######.#..#
##..†......##.###.## #
#..[.......#.## ##.###
#^..........## #.#..
##.........##.## ##.##
#..........###.## #.##
##..........###..###.#
#..........###....#..###
###........###...#^.....


You could see an emperor scorpion.

Vanquished Creatures
  A lich (D:14)
  Donald (Spider:3)
  4 ghost moths
  A frost giant (D:15)
  The ghost of Likiclopn the Severer, a journeyman DDFi of Makhleb (D:13)
  An emperor scorpion (Spider:3)
  The ghost of Bergy the Peltast, a journeyman MiFi of Makhleb (Lair:5)
  A stone giant (Orc:2)
  2 entropy weavers
  2 spark wasps (Spider:2)
  8 hydras
  3 centaur warriors
  A dancing weapon (D:13)
  An ogre mage (Orc:2)
  9 death yaks
  Urug (Lair:4)
  An orc high priest (Orc:1)
  A deep troll earth mage (D:14)
  11 two-headed ogres
  8 skeletal warriors
  The ghost of Htamos the Geomancer, a novice DDEE of Makhleb (D:7)
  2 unseen horrors
  A glowing orange brain (shapeshifter) (D:14)
  Pikel (D:7)
  An orc knight (D:15)
  A wolf spider zombie (D:14)
  A necromancer (D:14)
  12 ugly things
  9 orb spiders
  An orc sorcerer (Orc:2)
  2 manticores
  An oklob plant (Lair:4)
  19 wolf spiders
  5 cyclopes
  Joseph (D:7)
  A merfolk siren (Lair:2)
  A moth of wrath (Spider:2)
  4 centaur zombies
  4 elephants
  A guardian serpent (shapeshifter) (D:15)
  2 black mambas
  12 komodo dragons
  7 spiny frogs
  2 torpor snails (Spider:2)
  9 demonic crawlers
  5 polar bears
  17 jumping spiders
  5 trolls
  6 meliai
  7 hornets
  A spectral tarantella (Spider:3)
  Prince Ribbit (D:6)
  8 blink frogs
  4 dream sheep (Lair:6)
  9 hippogriffs
  2 shadows
  33 redbacks
  Sigmund (D:4)
  15 spriggans
  4 hogs (D:10)
  16 tarantellas
  2 wyverns
  2 hungry ghosts
  3 vampires
  42 yaks
  3 wraiths
  A human (D:10)
  3 basilisks
  A golden eye (shapeshifter) (D:15)
  A steam dragon (D:10)
  2 wargs
  10 water moccasins
  12 porcupines
  7 black bears
  2 ice beasts
  4 slaves (D:7)
  6 phantoms
  2 sky beasts
  A necrophage (D:11)
  12 orc warriors
  An eye of draining (D:13)
  4 boggarts
  19 ogres
  45 wolves
  11 centaurs
  10 crocodiles
  A big kobold (D:7)
  15 bullfrogs
  2 scorpions (D:11)
  2 troll zombies (D:11)
  4 killer bees (D:10)
  21 wights
  3 electric eels
  5 crimson imps
  4 howler monkeys
  6 orc priests
  13 jellies
  8 quasits
  3 hounds
  4 iguanas
  3 centaur skeletons
  16 orc wizards
  3 bullfrog skeletons
  4 worker ants
  Natasha (D:4)
  4 ogre zombies (D:11)
  A hound zombie (D:11)
  3 hound skeletons
  Robin (D:4)
  7 gnolls
  A howler monkey skeleton (D:10)
  13 adders
  A shadow imp (D:15)
  3 oozes
  3 adder skeletons
  An adder zombie (D:9)
  3 worms (D:3)
  A dart slug (D:2)
  9 leopard geckos
  62 orcs
  5 giant cockroaches
  15 goblins
  4 hobgoblins
  16 jackals
  A quokka (D:3)
  6 bats
  5 frilled lizards
  3 goblin skeletons (D:11)
  2 goblin zombies (D:11)
  A hobgoblin skeleton (D:11)
  3 hobgoblin zombies (D:11)
  14 kobolds
  An orc skeleton (D:11)
  9 orc zombies (D:11)
  9 rats
  A plant (Lair:2)
826 creatures vanquished.

Vanquished Creatures (collateral kills)
  3 ogre magi (Orc:2)
  4 two-headed ogres (Orc:2)
  A dancing weapon (D:13)
  2 skeletal warriors (D:11)
  An unseen horror (D:13)
  2 manticores
  A troll (D:13)
  A slime creature (Lair:5)
  3 yaks (D:11)
  11 ogres (Orc:2)
  A scorpion (D:11)
  8 jellies (Lair:5)
  2 orc wizards (D:11)
  8 oozes (Lair:5)
  2 orcs
50 creatures vanquished.

Vanquished Creatures (others)
  9 fungi
  10 plants
19 creatures vanquished.

Grand Total: 895 creatures vanquished

Notes
Turn   | Place    | Note
-------+----------+-------------------------------------------
     0 | D:1      | Mirvelgyr the Minotaur Berserker began the quest for the Orb.
     0 | D:1      | Reached XP level 1. HP: 19/19 MP: 0/0
   203 | D:1      | Reached XP level 2. HP: 23/27 MP: 1/1
   221 | D:1      | Reached skill level 4 in Axes
   438 | D:1      | Reached ** piety under Trog
   714 | D:2      | Reached XP level 3. HP: 29/33 MP: 2/2
   888 | D:2      | Reached XP level 4. HP: 37/40 MP: 3/3
  1472 | D:3      | Found a faded altar of an unknown god.
  1736 | D:3      | Reached skill level 5 in Axes
  2114 | D:3      | Found a hazy altar of Hepliaklqana.
  2115 | D:3      | Found a glowing silver altar of Zin.
  2120 | D:3      | Found an ornate altar of the Wu Jian Council.
  2121 | D:3      | Found a shattered altar of Ashenzari.
  2121 | D:3      | Found a white marble altar of Elyvilon.
  2121 | D:3      | Found a sacrificial altar of Ru.
  2126 | D:3      | Found a basalt altar of Yredelemnul.
  2165 | D:3      | You fall through a shaft for 3 floors!
  2176 | D:6      | Reached XP level 5. HP: 47/47 MP: 4/4
  2228 | D:5      | Entered Level 5 of the Dungeon
  2236 | D:5      | Reached *** piety under Trog
  2452 | D:5      | Noticed a phantom
  2460 | D:5      | Killed a phantom
  2460 | D:5      | Reached skill level 5 in Fighting
  2460 | D:5      | Reached skill level 6 in Axes
  2460 | D:5      | Reached XP level 6. HP: 43/56 MP: 5/5
  2531 | D:5      | Found a radiant altar of Vehumet.
  2538 | D:5      | Found an iron altar of Okawaru.
  2541 | D:5      | Found a glowing golden altar of the Shining One.
  2911 | D:4      | Noticed Sigmund
  2915 | D:4      | Killed Sigmund
  2915 | D:4      | Reached XP level 7. HP: 61/61 MP: 6/6
  3022 | D:4      | Reached skill level 7 in Axes
  3207 | D:4      | Reached skill level 5 in Armour
  3322 | D:4      | Noticed Robin
  3341 | D:4      | Killed Robin
  3389 | D:4      | Noticed Natasha
  3397 | D:4      | Killed Natasha
  3397 | D:4      | Reached **** piety under Trog
  3645 | D:6      | Reached XP level 8. HP: 62/70 MP: 7/7
  3788 | D:6      | Got a pair of pitted gloves
  3799 | D:6      | Identified the cursed +0 pair of gloves of Qisapt {-Tele rC+ Regen+ Int+5} (You found it on level 6 of the Dungeon)
  3816 | D:6      | Reached skill level 5 in Dodging
  3830 | D:6      | Reached skill level 8 in Axes
  4059 | D:6      | Reached skill level 9 in Axes
  4078 | D:6      | Found a deep blue altar of Sif Muna.
  4149 | D:6      | Noticed Prince Ribbit
  4249 | D:6      | Found a burning altar of Makhleb.
  4384 | D:6      | Found a staircase to the Ecumenical Temple.
  4442 | D:6      | Killed Prince Ribbit
  4461 | D:6      | Reached XP level 9. HP: 65/79 MP: 8/8
  4801 | D:7      | Found a transporter.
  4806 | D:7      | Found a transporter.
  4808 | D:7      | Noticed Htamos's ghost (novice DDEE)
  4869 | D:7      | Noticed Pikel
  4881 | D:7      | Killed Pikel
  4881 | D:7      | Reached skill level 10 in Axes
  5077 | D:7      | Noticed Joseph
  5091 | D:7      | Killed Joseph
  5498 | D:7      | Reached skill level 11 in Axes
  5505 | D:7      | Killed Htamos's ghost
  5505 | D:7      | Reached XP level 10. HP: 90/90 MP: 9/9
  5508 | D:7      | Reached ***** piety under Trog
  6560 | D:9      | Found a staircase to the Lair.
  6565 | D:9      | Noticed an elephant
  6577 | D:9      | Killed an elephant
  6577 | D:9      | Reached skill level 12 in Axes
  6893 | D:9      | Found a blossoming altar of Fedhas.
  6962 | D:9      | You fall through a shaft!
  6962 | D:10     | Entered Level 10 of the Dungeon
  6992 | D:10     | Found a portal to a secret trove of treasure.
  7036 | D:10     | Received a gift from Trog
  7047 | D:10     | Noticed a two-headed ogre
  7056 | D:10     | Killed a two-headed ogre
  7056 | D:10     | Reached XP level 11. HP: 65/99 MP: 10/10
  7081 | D:9      | Reached skill level 13 in Axes
  7214 | D:9      | Noticed a two-headed ogre
  7220 | D:9      | Killed a two-headed ogre
  7220 | D:9      | Reached skill level 10 in Fighting
  7468 | D:10     | Killed an unseen horror
  7740 | D:10     | Noticed a two-headed ogre
  7748 | D:10     | Killed a two-headed ogre
  7748 | D:10     | Reached skill level 10 in Armour
  8003 | D:11     | Noticed a skeletal warrior
  8005 | D:11     | Noticed a skeletal warrior
  8007 | D:11     | Noticed a skeletal warrior
  8011 | D:11     | Killed a skeletal warrior
  8014 | D:11     | Killed a skeletal warrior
  8018 | D:11     | Killed a skeletal warrior
  8018 | D:11     | Reached skill level 14 in Axes
  8244 | D:11     | Found a staircase to the Orcish Mines.
  8569 | D:11     | Reached XP level 12. HP: 110/110 MP: 11/11
  8671 | D:11     | Reached skill level 10 in Dodging
  9063 | D:12     | Noticed a four-headed hydra
  9075 | D:12     | Killed an eight-headed hydra
  9275 | D:12     | Reached skill level 15 in Axes
  9912 | D:13     | Found a snail-covered altar of Cheibriados.
 10030 | D:13     | Found a gate to the Vaults.
 10646 | D:14     | Found a runed door.
 10673 | D:14     | Found a runed door.
 10674 | D:14     | Noticed a five-headed hydra
 10675 | D:14     | Noticed a lich
 10675 | D:14     | Noticed a deep troll earth mage
 10891 | D:14     | Noticed a six-headed hydra
 10899 | D:14     | Killed an 11-headed hydra
 10935 | D:14     | Noticed a two-headed ogre
 10943 | D:14     | Killed a two-headed ogre
 10998 | D:14     | Reached skill level 16 in Axes
 11128 | D:14     | Noticed Likiclopn's ghost (journeyman DDFi)
 11165 | D:14     | Reached XP level 13. HP: 102/118 MP: 12/12
 11509 | D:14     | Noticed an ettin
 11513 | D:14     | an ettin changed into an ice dragon
 11585 | D:14     | Killed a lich
 11602 | D:13     | Killed Likiclopn's ghost
 11798 | D:15     | Entered Level 15 of the Dungeon
 11798 | D:15     | Found a snail-covered altar of Cheibriados.
 11840 | D:15     | Received a gift from Trog
 11904 | D:15     | Reached skill level 17 in Axes
 12265 | D:15     | Reached XP level 14. HP: 121/129 MP: 13/13
 12268 | D:15     | Found a staircase to the Depths.
 12268 | D:15     | Noticed a frost giant
 12278 | D:15     | Killed a frost giant
 12707 | Lair:1   | Entered Level 1 of the Lair of Beasts
 13375 | Lair:2   | Found a staircase to the Shoals.
 13423 | Lair:2   | Reached skill level 18 in Axes
 13482 | Lair:2   | Received a gift from Trog
 13514 | Lair:2   | Found a hole to the Spider Nest.
 14749 | Lair:4   | Noticed Urug
 14763 | Lair:4   | Killed Urug
 14998 | Lair:4   | Received a gift from Trog
 15081 | Lair:4   | You fall through a shaft for 2 floors!
 15081 | Lair:6   | Entered Level 6 of the Lair of Beasts
 15919 | Lair:5   | Found a runed door.
 16046 | Lair:5   | Noticed Bergy's ghost (journeyman MiFi)
 16312 | Lair:5   | Reached skill level 19 in Axes
 16527 | Lair:5   | Found a staircase to the Slime Pits.
 16789 | Lair:5   | Killed Bergy's ghost
 16801 | Lair:5   | Reached XP level 15. HP: 139/139 MP: 14/14
 17102 | Lair:6   | Received a gift from Trog
 17494 | Lair:6   | Got a vibrating bone amulet
 18251 | Orc:1    | Entered Level 1 of the Orcish Mines
 18256 | D:11     | Reached skill level 20 in Axes
 18256 | D:11     | Reached XP level 16. HP: 147/147 MP: 15/15
 18260 | D:11     | Identified the amulet "Qyenwucw" {Faith rF+} (You found it on level 6 of the Lair of Beasts)
 18303 | Orc:1    | Received a gift from Trog
 18382 | Orc:1    | Found a shimmering altar of Xom.
 18532 | Orc:2    | Entered Level 2 of the Orcish Mines
 18553 | Orc:2    | Reached skill level 15 in Fighting
 18586 | Orc:2    | Found Ytuobatho's Gadget Shoppe.
 18586 | Orc:2    | Found Raruts's Antique Weapon Boutique.
 18619 | Orc:2    | Found Qoedd's Distillery.
 18619 | Orc:2    | Found Aptir's Armour Emporium.
 18834 | Orc:2    | Found a staircase to the Elven Halls.
 18884 | Orc:2    | Bought a potion of mutation for 120 gold pieces
 18884 | Orc:2    | Bought a potion of curing for 45 gold pieces
 18884 | Orc:2    | Bought a potion of curing for 45 gold pieces
 18884 | Orc:2    | Bought a potion of mutation for 120 gold pieces
 18884 | Orc:2    | Bought a potion of agility for 60 gold pieces
 18884 | Orc:2    | Bought a potion of might for 60 gold pieces
 18884 | Orc:2    | Bought 2 potions of resistance for 300 gold pieces
 18885 | Orc:2    | Bought a +0 plate armour of poison resistance for 351 gold pieces
 19084 | Spider:1 | Entered Level 1 of the Spider Nest
 19153 | Spider:1 | Reached skill level 15 in Armour
 19155 | Spider:1 | Received a gift from Trog
 19604 | Spider:1 | Reached skill level 21 in Axes
 20227 | Spider:2 | Reached XP level 17. HP: 120/156 MP: 16/16
 21091 | Spider:3 | Received a gift from Trog
 22421 | Spider:4 | Entered Level 4 of the Spider Nest
 22477 | Spider:3 | Lost intelligence.
 22686 | Spider:3 | Gained mutation: Scrolls take you a little longer to read. [potion of mutation]
 22686 | Spider:3 | Gained mutation: Your muscles are strong. (Str +2) [potion of mutation]
 22686 | Spider:3 | Gained mutation: Your mind is acute. (Int +2) [potion of mutation]
 22686 | Spider:3 | Gained mutation: Your natural rate of healing is unusually fast. [potion of mutation]
 22921 | Spider:4 | Noticed Mara
 22921 | Spider:4 | Noticed Donald
 22921 | Spider:4 | Noticed Nikola
 22932 | Spider:3 | Killed Donald
 23041 | Spider:3 | Lost intelligence.
 23050 | Spider:3 | HP: 7/158 [emperor scorpion (7)]
 23051 | Spider:3 | Slain by an emperor scorpion

Vault maps used:
D:1:      lemuel_arrival_tunnels, st_stairs_6
D:3:      minitemple, chequers_ecumenical_altar_twisty
D:4:      uniq_sigmund, uniq_natasha, uniq_robin
D:5:      minmay_overflow_temple_star_quad, first_ration, minmay_holes
D:6:      minmay_opposing_rooms, lightli_temple_of_fire,
          overflow_temple_1_default, temple_green, uniq_prince_ribbit1
D:7:      minmay_klotski, gammafunk_ghost_stat_death, uniq_pikel, uniq_joseph
D:9:      nicolae_overflow_crystal_walls, david_lair_generic
D:10:     enter_trove_3, grunt_livestock
D:11:     zombieorc1_lemuel, kennysheep_generic_room_6
D:12:     serial_glass, glass_columns_a, glass_columns_a
D:13:     erik_vaults_1, basic_altar
D:14:     hangedman_glass_teeth, muffindrake_ghost_dual_entry,
          kennysheep_opposing_triangles
D:15:     grunt_enter_depths_snipers, minmay_misc_feat_diagonals,
          cheibriados_altar_1
Lair:1:   serial_bayou_shore_b
Lair:2:   elwin_shoals_entry_rooms, spider_nest_entry_web_field,
          infiniplex_staircase_pool_2
Lair:3:   beast_lair_carwin_large_2, grunt_forest_large_clearings
Lair:4:   uniq_urug
Lair:5:   lemuel_slime, slime_dummy, ebering_ghost_funeral_grove
Lair:6:   minmay_lair_end_enchanted_forest, serial_bayou_shore_a
Spider:2: nicolae_spider_cling_halls
Spider:4: floodkiller_spider_rune_tomb, uniq_nikola, uniq_mara, uniq_donald
Orc:1:    basic_altar
Orc:2:    st_orc_ogre_mass, basic_altar

Skill      XL: |  1  2  3  4  5  6  7  8  9 10 11 12 13 14 15 16 17 |
---------------+----------------------------------------------------+-----
Axes           | 4 5 6 7 9 11 12 14 16 17 19 20 21 | 21.8
Fighting       | 4 5 6 7 8 9 11 12 13 14 15 16 | 16.0
Armour         | 3 4 5 6 8 9 10 11 13 14 15 | 15.8
Dodging        | 3 4 6 7 8 9 11 12 13 14 | 14.6

Action                   |  1- 3 |  4- 6 |  7- 9 | 10-12 | 13-15 | 16-18 || total
-------------------------+-------+-------+-------+-------+-------+-------++-------
Melee: Hand axe          |    74 |   119 |   144 |       |       |       ||   337
       Headbutt          |     7 |    23 |    55 |   100 |   193 |   105 ||   483
       Battleaxe         |       |       |    90 |   520 |   724 |   256 ||  1590
       Executioner's axe |       |       |       |       |       |   148 ||   148
Invok: Berserk           |       |     2 |     3 |     5 |     7 |     3 ||    20
       Trog's Hand       |       |       |     2 |     9 |    11 |    13 ||    35
       Brothers in Arms  |       |       |       |     3 |     3 |     1 ||     7
Evoke: Wand              |       |       |       |       |       |     1 ||     1
  Use: Scroll            |       |       |     9 |    13 |     3 |     8 ||    33
       Potion            |       |       |       |       |     4 |     6 ||    10
 Stab: Distracted        |       |       |       |     1 |     1 |       ||     2
  Eat: Chunk             |       |     6 |     9 |    20 |    21 |     2 ||    58
       Ration            |       |       |     3 |     3 |     6 |     6 ||    18
Armor: Scale mail        |    32 |    21 |       |       |       |       ||    53
       Chain mail        |       |    34 |    99 |       |       |       ||   133
       Plate armour      |       |       |    45 |   392 |   403 |   482 ||  1322
Dodge: Dodged            |    41 |    52 |   155 |   271 |   431 |   456 ||  1406

Table legend:
 A = Spawn XP
 B = Non-spawn XP
 C = Spawn XP percentage of total XP
 D = Spawn monster count
 E = Non-spawn monster count
 F = Spawn count percentage of total count
 G = Total turns spent on level
                    A         B        C        D         E        F      G
               +---------+---------+-------+---------+---------+-------+---------
         Total |       0 |  192434 |   0.0 |       0 |     871 |   0.0 | 23051
               +---------+---------+-------+---------+---------+-------+---------
           D:1 |       0 |      37 |   0.0 |       0 |      23 |   0.0 |   598
           D:2 |       0 |      72 |   0.0 |       0 |      16 |   0.0 |   835
           D:3 |       0 |      67 |   0.0 |       0 |      22 |   0.0 |   821
           D:4 |       0 |     714 |   0.0 |       0 |      28 |   0.0 |   811
           D:5 |       0 |     193 |   0.0 |       0 |       8 |   0.0 |   488
           D:6 |       0 |    1793 |   0.0 |       0 |      37 |   0.0 |  1188
           D:7 |       0 |    2865 |   0.0 |       0 |      31 |   0.0 |   831
           D:8 |       0 |     691 |   0.0 |       0 |      14 |   0.0 |   966
           D:9 |       0 |    3679 |   0.0 |       0 |      31 |   0.0 |   844
          D:10 |       0 |    5546 |   0.0 |       0 |      28 |   0.0 |   669
          D:11 |       0 |    7196 |   0.0 |       0 |      68 |   0.0 |  1112
          D:12 |       0 |    5430 |   0.0 |       0 |      36 |   0.0 |   945
          D:13 |       0 |    5129 |   0.0 |       0 |      16 |   0.0 |   836
          D:14 |       0 |   16110 |   0.0 |       0 |      36 |   0.0 |  1152
          D:15 |       0 |   18646 |   0.0 |       0 |      48 |   0.0 |   817
        Lair:1 |       0 |    1994 |   0.0 |       0 |       7 |   0.0 |   722
        Lair:2 |       0 |    4701 |   0.0 |       0 |      15 |   0.0 |   705
        Lair:3 |       0 |    7695 |   0.0 |       0 |      44 |   0.0 |   731
        Lair:4 |       0 |    5492 |   0.0 |       0 |      17 |   0.0 |   884
        Lair:5 |       0 |   12400 |   0.0 |       0 |      56 |   0.0 |  1189
        Lair:6 |       0 |   21245 |   0.0 |       0 |      86 |   0.0 |  1309
      Spider:1 |       0 |    9929 |   0.0 |       0 |      24 |   0.0 |   865
      Spider:2 |       0 |   17811 |   0.0 |       0 |      44 |   0.0 |   866
      Spider:3 |       0 |   20258 |   0.0 |       0 |      41 |   0.0 |  2139
      Spider:4 |       0 |    4268 |   0.0 |       0 |      13 |   0.0 |    97
         Orc:1 |       0 |    2533 |   0.0 |       0 |      28 |   0.0 |   244
         Orc:2 |       0 |   15940 |   0.0 |       0 |      54 |   0.0 |   387
               +---------+---------+-------+---------+---------+-------+---------
